 Dungeon Crawl Stone Soup version 0.31-a0-4-gefa6de2278 (webtiles) character file.

Game seed: 7284518063926378040

91 mopl the Chopper (level 4, -5/33 HPs)
             Began as a Formicid Warper on May 4, 2023.
             Slain by Terence
             ... wielding a +0 flail
              (7 damage)
             ... on level 3 of the Dungeon.
             The game lasted 00:03:12 (2109 turns).

mopl the Chopper (Formicid Warper)                  Turns: 2109, Time: 00:03:13

Health: -5/33      AC:  4    Str: 15    XL:     4   Next: 87%
Magic:  7/7        EV: 11    Int: 15    God:
Gold:   116        SH:  0    Dex: 13    Spells: 7/7 levels left

rFire   . . .        p - +0 club (spect)
rCold   . . .        (no shield)
rNeg    . . .        b - +0 leather armour
rPois   .            (helmet unavailable)
rElec   .            (no cloak)
rCorr   .            (no gloves)
SInv    +            i - +0 pair of boots
Will    .....        (no amulet)
Stlth   +            l - ring of wizardry
HPRegen 0.25/turn    (no ring)
MPRegen 0.10/turn

%: wizardry (x1)
@: no status effects
A: permanent stasis, dig shafts and tunnels, antennae 3, four strong arms
a: Dig, Shaft Self


You were on level 3 of the Dungeon.
You visited 1 branch of the dungeon, and saw 3 of its levels.

You collected 116 gold pieces.

Inventory:

Hand Weapons
 a - a +0 hand axe
 p - a +0 spectral club (weapon)
Missiles
 d - 7 boomerangs of dispersal (quivered)
Armour
 b - a +0 leather armour (worn)
 i - a +0 pair of boots (worn)
 k - a +0 plate armour
Jewellery
 l - a ring of wizardry (left hand)
Wands
 m - a wand of paralysis (12)
Scrolls
 c - 2 scrolls of blinking
 g - a scroll of teleportation {unknown}
 n - 2 scrolls of identify {unknown}
 o - a scroll of magic mapping {unknown}
 t - a scroll of fear {unknown}
 v - a scroll of vulnerability {unknown}
Potions
 e - 5 potions of curing
 f - 3 potions of brilliance {unknown}
 h - a potion of haste {unknown}
 j - 2 potions of flight {unknown}
 q - a potion of resistance {unknown}
 r - a potion of attraction {unknown}
 s - a potion of invisibility {unknown}
 u - a potion of lignification {unknown}


   Skills:
 - Level 2.1 Fighting
 * Level 4.0 Axes
 - Level 1.0 Throwing
 - Level 1.1 Armour
 - Level 1.7 Dodging
 - Level 2.1 Spellcasting
 + Level 3.4 Translocations


You had 7 spell levels left.
You didn't know any spells.
Your spell library contained the following spells:

 Spells                   Type           Power      Damage    Failure   Level
 Lesser Beckoning         Tloc           24%        N/A       4%          2
 Teleport Other           Tloc           12%        N/A       8%          3
 Volatile Blastmotes      Fire/Tloc      12%        2d11      16%         3
 Manifold Assault         Tloc           12%        N/A       26%         4
 Dazzling Flash           Conj/Hex       2%         N/A       32%         3
 Iskenderun's Mystic Bla  Conj/Tloc      6%         2d4       45%         4
 Summon Forest            Summ/Tloc      3%         N/A       78%         5
 Eringya's Noxious Bog    Tmut/Pois      0%         N/A       100%        6
 Starburst                Conj/Fire      0%         6d3       100%        6
 Summon Hydra             Summ           0%         N/A       100%        7
 Blink                    Tloc           Unusable   N/A       N/A         2
 Vhi's Electric Charge    Tloc/Air       Unusable   N/A       N/A         3

Dungeon Overview and Level Annotations

Branches:
Dungeon (3/15)

Altars:
Kikubaaqudgha

Annotations:
D:3 Terence


Innate Abilities, Weirdness & Mutations

You cannot be hasted, slowed, berserked, paralysed or teleported.
You can dig through walls and to a lower floor.
You have a pair of large antennae on your head. (SInv)
Your four strong arms can wield two-handed weapons with a shield.


Message History

Terence is moderately wounded.
Your +0 spectral club hits Terence.
Terence hits you with a +0 flail.
You hit Terence but do no damage.
Terence is heavily wounded.
Your +0 spectral club hits Terence.
Terence hits you with a +0 flail. Terence closely misses you.
You hit Terence but do no damage.
Terence is severely wounded.
Your +0 spectral club hits Terence but does no damage.
Terence closely misses your +0 spectral club.
You catch the helpless Terence completely off-guard!
You hit Terence but do no damage.
Terence is severely wounded.
Your +0 spectral club hits Terence.
Terence hits you with a +0 flail.
You closely miss Terence.
Terence is severely wounded.
Your +0 spectral club hits Terence.
Terence misses you.
You hit Terence but do no damage.
Terence is almost dead.
Your +0 spectral club hits Terence but does no damage.
Terence hits you with a +0 flail!
* * * LOW HITPOINT WARNING * * *
You are too injured to fight recklessly!
You are too injured to fight recklessly!
You hit Terence but do no damage. Your punch misses Terence.
Terence is almost dead.
Your +0 spectral club barely misses Terence.
A kobold comes into view.
It is wielding a +0 short sword and quivering poisoned darts.
Terence barely misses you. Terence hits you with a +0 flail.
* * * LOW HITPOINT WARNING * * *
You hit Terence.
Terence is almost dead.
Your +0 spectral club hits Terence but does no damage.
Terence hits you with a +0 flail.
* * * LOW HITPOINT WARNING * * *
Unknown command.
You barely miss Terence.
Terence is almost dead.
Your +0 spectral club hits Terence.
Terence hits you with a +0 flail!
You die...

### #.. #.. ###.. ###### #...<
###....# #<##.
#########(.....# #.##.
#....K..@@###..#######.##.
..$>..#######.#≈#..##......##.
..### ##.###..##......##.
#...............###
#.########.........
#.########......###
#...............#
##.#####.......###
#...####........####


You could see Terence, a kobold and a friendly +0 spectral club.

Vanquished Creatures
  Robin (D:2)
  2 adders (D:2)
  A worm (D:2)
  A dart slug (D:3)
  An orc (D:3)
  4 ball pythons
  5 bats
  3 endoplasms (D:1)
  A giant cockroach (D:2)
  11 goblins
  3 hobgoblins
  2 jackals (D:2)
  8 kobolds
  2 quokkas (D:2)
  2 frilled lizards (D:3)
  6 rats
53 creatures vanquished.

Notes
Turn   | Place    | Note
-------+----------+-------------------------------------------
     0 | D:1      | mopl the Formicid Warper began the quest for the Orb.
     0 | D:1      | Reached XP level 1. HP: 16/16 MP: 3/3
   136 | D:1      | Reached XP level 2. HP: 22/22 MP: 5/5
   712 | D:2      | Reached skill level 3 in Translocations
   807 | D:2      | Reached XP level 3. HP: 21/27 MP: 6/6
   818 | D:2      | Reached skill level 3 in Axes
  1068 | D:2      | Identified the +0 helmet "Hiluod" {Rampage Int+3}
  1068 | D:2      | Noticed Robin
  1156 | D:2      | Killed Robin
  1193 | D:2      | Reached XP level 4. HP: 19/33 MP: 7/7
  1502 | D:2      | HP: 1/33 [jackal (2)]
  1698 | D:2      | Found an ancient bone altar of Kikubaaqudgha.
  1899 | D:3      | Found a faded altar of an unknown god.
  2025 | D:3      | Reached skill level 4 in Axes
  2084 | D:3      | Noticed Terence
  2109 | D:3      | Slain by Terence

Illustrated notes

Levels and vault maps discovered:
D:1:      minmay_arrival_nine_rooms, layout_loops_ring
D:2:      layout_rooms, basic_altar, minmay_misc_feat_square, uniq_robin
D:3:      layout_loops_ring, mainiacjoe_overflow_small_starburst,
          ebering_ecumenical_altar_rust, feat_on_display, uniq_terence

Skill      XL: |  1  2  3  4 |
---------------+-------------+-----
Translocations | 3 |  3.4
Axes           | 3 4 |  4.0
Fighting       | |  2.1
Throwing       | |  1.0
Armour         | |  1.1
Dodging        | |  1.7
Spellcasting   | |  2.1

Action                     |  1- 3 |  4- 6 || total
---------------------------+-------+-------++-------
  Melee: Hand axe          |    99 |       ||    99
         Club              |     5 |   101 ||   106
    Use: Potion            |       |     1 ||     1
   Stab: Sleeping          |     1 |       ||     1
         Distracted        |       |     1 ||     1
 Armour: Leather armour    |    30 |    42 ||    72
  Dodge: Dodged            |    58 |    57 ||   115

Table legend: (Time is in decaauts)
 A = Elapsed time spent in this place.
 B = Non-inter-level travel time spent in this place.
 C = Inter-level travel time spent in this place.
 D = Time resting spent in this place.
 E = Time spent auto-exploring this place.
 F = Levels seen in this place.
 G = Mean time per level.
                   A        B        C        D        E       F      G
               +--------+--------+--------+--------+--------+-----+--------+
         Total |   2145 |   1999 |    146 |    396 |   1049 |   3 |  715.0 |
       Dungeon |   2145 |   1999 |    146 |    396 |   1049 |   3 |  715.0 |
               +--------+--------+--------+--------+--------+-----+--------+

Top non-repeatable levels by time:
     D:2: 983 daAuts
     D:1: 876 daAuts
     D:3: 286 daAuts
